 Dungeon Crawl Stone Soup version 0.20-a0-1089-g3fde505 (webtiles) character file.

18 JeffiDaFish the Grave Robber (level 2, -8/19 HPs)
             Began as a Mummy Necromancer on May 3, 2017.
             Mangled by a gnoll
             ... wielding a +0 spear
              (10 damage)
             ... on level 1 of the Dungeon.
             The game lasted 00:02:20 (636 turns).

JeffiDaFish the Grave Robber (Mummy Necromancer)     Turns: 636, Time: 00:02:21

Health: -8/19      AC:  2    Str: 11    XL:     2   Next: 48%
Magic:  3/6        EV: 12    Int: 14    God:
Gold:   25         SH:  0    Dex: 12    Spells: 5/7 levels left

rFire    x . .     SeeInvis .   c - +0 dagger
rCold    + . .     Gourm    .   (no shield)
rNeg     + + +     Faith    .   a - +0 robe
rPois    ∞         Spirit   .   (no helmet)
rElec    .         Reflect  .   (no cloak)
rCorr    .         Harm     .   (no gloves)
MR       .....                  (no boots)
Stlth    ++........             (no amulet)
Regen    0.1/turn               (no ring)
MPRegen  0.1/turn               (no ring)

@: no status effects
A: no food or potions, fire vulnerability, cold resistance 1, negative energy
resistance 3, torment resistance, unbreathing
a: no special abilities


You were on level 1 of the Dungeon.
You were not hungry.

You visited 1 branch of the dungeon, and saw 1 of its levels.

You collected 25 gold pieces.

Inventory:

Hand Weapons
 c - a +0 dagger (weapon)
Armour
 a - a +0 robe (worn)
Books
 b - a book of Necromancy

   Spells                             Type                      Level
   a - Pain                           Necromancy                   1
   b - Animate Skeleton               Necromancy                   1
   c - Vampiric Draining              Necromancy                   3
   d - Regeneration                   Charms/Necromancy            3
   e - Animate Dead                   Necromancy                   4
   f - Control Undead                 Necromancy                   4


   Skills:
 + Level 0.2 Fighting
 + Level 1.5 Dodging
 + Level 1.6 Stealth
 + Level 3.0 Spellcasting
 + Level 4.4 Necromancy


You had 5 spell levels left.
You knew the following spells:

 Your Spells              Type           Power        Failure   Level  Hunger
a - Pain                  Necr           ##..         3%          1    N/A
b - Animate Skeleton      Necr           N/A          3%          1    N/A

Dungeon Overview and Level Annotations

Branches:
Dungeon (1/15)

Altars:


Innate Abilities, Weirdness & Mutations

You do not eat or drink.
Your flesh is vulnerable to fire.
You are immune to poison.
Your flesh is cold resistant. (rC+)
You are immune to negative energy. (rN+++)
You are immune to unholy pain and torment.
You can survive without breathing.


Message History

Aim: a hobgoblin, wielding a club (chance to defeat MR: 85%)
The hobgoblin writhes in agony!
The hobgoblin hits you with a club.
* * * LOW HITPOINT WARNING * * *
Casting: Pain
Confirm with . or Enter, or press ? or * to list all spells.
Aiming: Pain
Press: ? - help, Shift-Dir - straight line, f/p - hobgoblin
Aim: a hobgoblin, wielding a club (severely wounded, chance to defeat MR: 85%)
The hobgoblin writhes in agony!
You kill the hobgoblin!
Your Spellcasting skill increases to level 3!
The gnoll misses you.
Casting: Pain
Confirm with . or Enter, or press ? or * to list all spells.
You don't have enough magic to cast that spell.
Unknown command.
The giant cockroach waves its antennae.
The gnoll hits you from afar with a spear!
Ouch! That really hurt!
You die...

##.######.....#
#.##.###......... #.# #.....#
#.##.###......### #.#
###.#####.##..#####...# #s#
#...........# ##..#### #.#
#...........# #....#.. #.#
#...........# #.#(...# #.#
#..s.g......####.#.%.##
#.########...........##.......##
#...s)†.##.....@.....##.##.#...#
#######......###.....##.##...#.#
#......#..........#..###.#
#......##...#....##..## #.#
############............## #..
##................#.#...## ##.
#.....≈≈≈≈≈.............# ##.
#....≈≈≈§≈§§.........#..######..
#<...≈§§>$§§.....#....#.##......


You could see a gnoll and a giant cockroach.

Vanquished Creatures
  2 giant cockroaches (D:1)
  A goblin (D:1)
  3 hobgoblins (D:1)
  A ball python (D:1)
  3 bats (D:1)
  2 frilled lizards (D:1)
  2 kobolds (D:1)
  2 rats (D:1)
16 creatures vanquished.

Vanquished Creatures (collateral kills)
  A rat (D:1)
1 creature vanquished.

Grand Total: 17 creatures vanquished

Notes
Turn   | Place    | Note
-------+----------+-------------------------------------------
     0 | D:1      | JeffiDaFish the Mummy Necromancer began the quest for the Orb.
     0 | D:1      | Reached XP level 1. HP: 13/13 MP: 4/4
    50 | D:1      | Learned a level 1 spell: Animate Skeleton
   439 | D:1      | Reached XP level 2. HP: 16/19 MP: 2/5
   636 | D:1      | Mangled by a gnoll

Vault maps used:
D:1:      lemuel_arrival_lava_pool

Skill      XL: |  1  2 |
---------------+-------+-----
Spellcasting   | 3 |  3.0
Fighting       | |  0.2
Dodging        | |  1.5
Stealth        | |  1.6
Necromancy     | |  4.4

Action                   || total
-------------------------++-------
Melee: Unarmed           ||    13
       Dagger            ||    18
 Cast: Pain              ||    27
       Animate Skeleton  ||     2
  Use: Scroll            ||     2
 Stab: Sleeping          ||     1
Armor: Robe              ||    29
Dodge: Dodged            ||    52
